 Dungeon Crawl Stone Soup version 0.17-a0-1-g1f4be75 (console) character file.

19463 Fusha the Nimble (level 13, -6/101 HPs)
             Began as a Human Hunter on Mar 10, 2015.
             Was a Priest of Ru.
             Mangled by a frost giant
             ... wielding a +4 battleaxe of freezing
              (30 damage)
             ... in an ice cave.
             The game lasted 01:20:47 (18107 turns).

Fusha the Nimble (Human Hunter)                    Turns: 18107, Time: 01:20:47

Health: -6/101     AC: 13    Str: 22    XL:     13   Next: 4%
Magic:  15/15      EV: 22    Int: 13    God:    Ru [***...]
Gold:   746        SH:  0    Dex: 18    Spells: 3 memorised, 6 levels left

rFire  + . .     SeeInvis .     b - +3 flail (drain)
rCold  + . .     Clarity  +     L - +3 leather armour {rF+}
rNeg   . . .     SustAb   .     (no shield)
rPois  .         Gourm    .     n - +2 helmet
rElec  .         Spirit   .     r - +0 cloak
rCorr  .         Warding  .     T - +0 pair of gloves
rMut   .         Stasis   .     A - +1 pair of boots
MR     .....                    X - amulet of clarity
Stlth  ..........               s - +5 ring of dexterity
                                w - ring of protection from cold

@: mighty, not resistant to hostile enchantments, extremely unstealthy
A: no stealth, no charms magic, no earth magic, no necromancy magic, magic
vulnerability 1, disrupted magic 1
a: Draw Out Power, Renounce Religion


You were in an ice cave.
You worshipped Ru.
Ru was most pleased with you.
You were not hungry.

You visited 2 branches of the dungeon, and saw 13 of its levels.
You also visited: Ice Cave.

You collected 746 gold pieces.

Inventory:

Hand weapons
 a - a +2 hand crossbow
 b - a +3 flail of draining (weapon)
Missiles
 j - 4 throwing nets (quivered)
 o - 6 poisoned bolts
 P - 11 bolts
Armour
 n - a +2 helmet (worn)
 r - a +0 cloak (worn)
 A - a +1 pair of boots (worn)
 L - a +3 leather armour of fire resistance (worn)
 T - a +0 pair of gloves (worn)
Jewellery
 p - an uncursed ring of protection from fire
 s - a +5 ring of dexterity (right hand)
 w - a ring of protection from cold (left hand)
 E - a +2 ring of protection
 V - an uncursed ring of positive energy
 X - an amulet of clarity (around neck)
Magical devices
 c - a wand of polymorph (10)
 d - a wand of paralysis (7)
 g - a wand of frost (37)
 F - a wand of digging (19)
 H - a wand of fire (0)
 I - a wand of magic darts (24)
 K - a wand of slowing (29)
Scrolls
 e - 4 scrolls of remove curse
 y - 2 scrolls of magic mapping
 N - a scroll of holy word {unknown}
 O - a scroll of amnesia {unknown}
Potions
 h - 3 potions of curing
 i - 4 potions of restore abilities
 k - 2 potions of beneficial mutation {unknown}
 m - 2 potions of brilliance
 q - 2 potions of ambrosia {unknown}
 t - 2 potions of flight {unknown}
 C - a potion of magic
 Q - a potion of mutation
 R - a potion of invisibility {unknown}
Miscellaneous
 Y - a phial of floods (inert)
Comestibles
 f - 3 bread rations


   Skills:
 + Level 9.0 Fighting
 + Level 10.0 Maces & Flails
 + Level 9.6 Crossbows
 + Level 0.2 Throwing
 - Level 3.0 Armour
 + Level 12.6 Dodging
 + Level 0.2 Air Magic
 + Level 1.3 Evocations


You had 6 spell levels left.
You knew the following spells:

 Your Spells              Type           Power        Failure   Level  Hunger
a - Stoneskin             Trmt/Erth      #.......     65%         2    ###....
b - Swiftness             Chrm/Air       #.......     65%         2    ###....
c - Repel Missiles        Chrm/Air       #.....       65%         2    ###....


Dungeon Overview and Level Annotations

Branches:
Dungeon (10/15)            Temple (0/1) D:6            Lair (3/8) D:10
  Swamp: Lair:3-6    Shoals: Lair:3-6     Snake: Lair:3-6    Spider: Lair:3-6
    Orc: D:9-12

Altars:
Cheibriados
Fedhas
Nemelex Xobeh
Qazlal
Ru
Sif Muna
Trog
Yredelemnul


Innate Abilities, Weirdness & Mutations

You cannot be stealthy.
You cannot study or cast Charms magic.
You cannot study or cast Earth magic.
You cannot study or cast Necromancy magic.
You are slightly vulnerable to magic.
Your casting is slightly disrupted.


Message History

The yak is stunned by your will and fails to attack.
You sock the yak! You drain the yak!
The yak is heavily wounded.
The yak is stunned by your will and fails to attack.
You barely miss the yak.
The yak is heavily wounded.
The yak misses you.
You sock the yak!
The yak is almost dead.
The yak gores you but does no damage.
You hit the yak.
You kill the yak!
You completely miss the frost giant. The frost giant casts a spell at you.
The bolt of cold hits you! You resist.
* * * LOW HITPOINT WARNING * * *
You sock the frost giant!
The frost giant is lightly wounded.
The frost giant hits you with a battleaxe of freezing!!
You die...

.# #Y.# ##
#..# # ###
##.# #
#.## #..#
###..#
#..#
##...##
##..#
#.....##
#Y.##
#......##
#C##
....##..#
##@#
....###†##
#..# ...##
#..# ##.##
...# ##.#
#..# ..##
#..##
##..# ..#
##..#
#..## .##
#..###..#
##
#..##..##
##.†#..#


You could see a frost giant and a yak.

Vanquished Creatures
  Harold (Lair:2)
  A hydra (Lair:2)
  An ice statue (IceCv)
  A hill giant (D:10)
  A griffon (Lair:2)
  An ugly thing (D:9)
  Joseph (D:10)
  8 spiny frogs
  A komodo dragon (Lair:1)
  A fire drake (Lair:1)
  14 polar bears (IceCv)
  5 blink frogs (Lair:1)
  15 yaks
  A hippogriff (Lair:2)
  Edmund (D:6)
  15 wolves
  6 water moccasins
  3 orc warriors
  3 sky beasts
  4 ice beasts
  5 porcupines
  A phantom (D:5)
  5 crocodiles
  3 ogres
  5 centaurs
  A big kobold (D:8)
  8 giant frogs
  2 scorpions
  3 killer bees
  3 wights (D:6)
  7 crimson imps
  2 jellies
  A goliath beetle (D:7)
  A centaur zombie (D:5)
  A giant frog zombie (D:9)
  A centaur skeleton (D:5)
  13 orc wizards
  3 hounds
  13 iguanas
  5 orc priests
  A giant frog skeleton (D:7)
  10 worker ants
  A killer bee zombie (D:8)
  Jessica (D:2)
  A hound skeleton (D:6)
  3 worker ant zombies
  11 adders
  10 gnolls
  23 river rats
  3 shadow imps (D:5)
  12 white imps (Lair:3)
  2 worms
  An adder zombie (D:7)
  3 adder skeletons
  3 giant geckos
  An ooze (D:3)
  43 orcs
  22 bats
  10 giant cockroaches
  21 hobgoblins
  12 jackals
  A ball python (D:1)
  A ball python zombie (D:5)
  A giant cockroach zombie (D:6)
  A giant gecko skeleton (D:4)
  4 giant newts
  A giant spore (D:7)
  17 goblins
  A goblin zombie (D:5)
  A jackal zombie (D:5)
  31 kobolds
  8 quokkas
  A quokka skeleton (D:4)
  2 quokka zombies
  11 rats
  A ballistomycete (D:7)
443 creatures vanquished.

Vanquished Creatures (collateral kills)
  A giant frog (Lair:2)
1 creature vanquished.

Vanquished Creatures (others)
  A wolf (IceCv)
  An ice beast (IceCv)
  A killer bee (D:8)
  An iguana (Lair:2)
  A river rat (Lair:1)
  A giant mite (D:6)
  A hobgoblin (D:8)
  A fungus (Lair:2)
8 creatures vanquished.

Grand Total: 452 creatures vanquished

Notes
Turn   | Place    | Note
--------------------------------------------------------------
     0 | D:1      | Fusha, the Human Hunter, began the quest for the Orb.
     0 | D:1      | Reached XP level 1. HP: 16/16 MP: 1/1
   100 | D:1      | Reached XP level 2. HP: 22/22 MP: 2/2
   399 | D:1      | Reached XP level 3. HP: 20/27 MP: 3/3
   829 | D:2      | Noticed Jessica
   835 | D:2      | Killed Jessica
   835 | D:2      | Reached skill level 1 in Armour
   835 | D:2      | Reached XP level 4. HP: 31/33 MP: 4/4
  1084 | D:2      | Reached skill level 5 in Crossbows
  1279 | D:2      | Found a sparkling altar of Nemelex Xobeh.
  1279 | D:2      | Found a basalt altar of Yredelemnul.
  1423 | D:3      | Reached XP level 5. HP: 38/38 MP: 5/5
  1532 | D:3      | Found a sacrificial altar of Ru.
  1755 | D:3      | Found a sparkling altar of Nemelex Xobeh.
  2019 | D:3      | Became a worshipper of Ru the Awakened
  2152 | D:4      | Reached XP level 6. HP: 34/44 MP: 6/6
  2253 | D:4      | Found a blossoming altar of Fedhas.
  2735 | D:4      | Noticed an ogre
  2749 | D:4      | Killed an ogre
  2749 | D:4      | Reached XP level 7. HP: 51/51 MP: 7/7
  2893 | D:4      | Reached skill level 1 in Maces & Flails
  2893 | D:4      | Reached skill level 6 in Crossbows
  3579 | D:5      | Entered Level 5 of the Dungeon
  3724 | D:5      | Gained mutation: You are slightly vulnerable to magic. [Ru sacrifice]
  3724 | D:5      | Acquired Ru's first power
  3895 | D:5      | Reached XP level 8. HP: 27/57 MP: 8/8
  4053 | D:5      | Reached skill level 5 in Dodging
  4119 | D:5      | Learned a level 2 spell: Stoneskin
  4859 | D:5      | Reached skill level 7 in Crossbows
  5356 | D:5      | Found a deep blue altar of Sif Muna.
  5496 | D:5      | Reached XP level 9. HP: 64/64 MP: 9/9
  5706 | D:6      | Found a snail-covered altar of Cheibriados.
  6807 | D:6      | Gained mutation: You cannot be stealthy. [Ru sacrifice]
  6807 | D:6      | Acquired Ru's second power
  7047 | D:6      | Found a staircase to the Ecumenical Temple.
  7085 | D:6      | Noticed Edmund
  7098 | D:6      | Killed Edmund
  7369 | D:7      | Reached skill level 5 in Maces & Flails
  7412 | D:7      | Reached skill level 5 in Fighting
  7883 | D:7      | Reached XP level 10. HP: 56/74 MP: 10/10
  8254 | D:7      | Reached skill level 8 in Dodging
  9544 | D:8      | Learned a level 2 spell: Swiftness
  9547 | D:8      | Learned a level 2 spell: Repel Missiles
  9592 | D:8      | Gained mutation: Your casting is slightly disrupted. [Ru sacrifice]
  9885 | D:8      | Reached skill level 9 in Dodging
 10312 | D:9      | Found a stormy altar of Qazlal.
 10352 | D:9      | Found a bloodstained altar of Trog.
 10980 | D:10     | Entered Level 10 of the Dungeon
 10980 | D:10     | Noticed a white ugly thing
 11008 | D:9      | Killed a white ugly thing
 11412 | D:10     | Noticed a hill giant
 11432 | D:10     | Killed a hill giant
 11789 | D:10     | Reached XP level 11. HP: 83/83 MP: 11/11
 11827 | D:10     | Noticed Joseph
 11844 | D:10     | Killed Joseph
 12144 | D:10     | Found a staircase to the Lair.
 12154 | Lair:1   | Entered Level 1 of the Lair of Beasts
 12163 | Lair:1   | Gained mutation: You cannot study or cast Earth magic. [Ru sacrifice]
 12163 | Lair:1   | Gained mutation: You cannot study or cast Necromancy magic. [Ru sacrifice]
 12163 | Lair:1   | Gained mutation: You cannot study or cast Charms magic. [Ru sacrifice]
 12163 | Lair:1   | Acquired Ru's third power
 12186 | Lair:1   | Reached skill level 10 in Dodging
 14585 | Lair:2   | Reached skill level 11 in Dodging
 14684 | Lair:2   | Noticed an eight-headed hydra
 14685 | Lair:2   | Noticed a griffon
 14834 | Lair:2   | Killed a griffon
 14834 | Lair:2   | Reached XP level 12. HP: 68/92 MP: 12/12
 15373 | Lair:2   | Noticed Harold
 15515 | Lair:2   | Paralysed by Harold for 5 turns
 15531 | Lair:2   | Paralysed by Harold for 3 turns
 15537 | Lair:2   | Killed Harold
 16026 | Lair:2   | Killed an eight-headed hydra
 16026 | Lair:2   | Reached skill level 1 in Evocations
 16441 | Lair:3   | Found a frozen archway.
 16508 | IceCv    | Entered an ice cave
 16820 | IceCv    | Reached skill level 12 in Dodging
 18056 | IceCv    | Noticed a frost giant
 18063 | IceCv    | Reached XP level 13. HP: 94/100 MP: 15/15
 18073 | IceCv    | Reached skill level 10 in Maces & Flails
 18107 | IceCv    | Mangled by a frost giant

Action                   |  1- 3 |  4- 6 |  7- 9 | 10-12 | 13-15 || total
-------------------------+-------+-------+-------+-------+-------++-------
Melee: Short sword       |    78 |    82 |       |       |       ||   160
       Flail             |       |    50 |   495 |   927 |    24 ||  1496
 Fire: Hand crossbow     |    32 |    59 |    82 |   131 |       ||   304
Throw: Stone             |       |       |     2 |       |       ||     2
 Cast: Stoneskin         |       |       |     1 |       |       ||     1
       Repel Missiles    |       |       |       |     1 |       ||     1
Invok: Sacrifice Essence |       |       |     1 |     1 |       ||     2
       Sacrifice Stealth |       |       |     1 |       |       ||     1
       Sacrifice Arcana  |       |       |       |     1 |       ||     1
       Reject Sacrifices |       |       |       |     1 |       ||     1
Evoke: Wand              |       |       |       |     9 |       ||     9
       Phial of floods   |       |       |       |     1 |       ||     1
  Use: Scroll            |       |     7 |     8 |    13 |       ||    28
       Potion            |       |       |     5 |     4 |     2 ||    11
 Stab: Sleeping          |       |     2 |     3 |       |       ||     5
       Distracted        |       |       |     1 |     2 |       ||     3
       Invisible         |       |       |       |     6 |       ||     6
  Eat: Pizza             |       |     1 |     2 |     1 |       ||     4
       Fruit             |       |     8 |     6 |     3 |       ||    17
       Bread ration      |       |       |     1 |     4 |       ||     5
       Meat ration       |       |       |     1 |     2 |       ||     3
       Royal jelly       |       |       |     1 |       |       ||     1
       Beef jerky        |       |       |       |     1 |       ||     1
